 Dungeon Crawl Stone Soup version 0.27.1-1-g398f81649c (webtiles) character file.

Game seed: 7769373009087122560

231 zdrol the Covered (level 5, -1/47 HPs)
             Began as a Minotaur Fighter on Sept 6, 2021.
             Slain by an orc (17 damage)
             ... on level 3 of the Dungeon.
             The game lasted 00:11:10 (2998 turns).

zdrol the Covered (Minotaur Fighter)                Turns: 2998, Time: 00:11:11

Health: -1/47      AC:  7    Str: 21    XL:     5   Next: 73%
Magic:  4/4        EV:  8    Int: 11    God:
Gold:   84         SH: 10    Dex: 10    Spells: 4/4 levels left

rFire    . . .     SeeInvis .   a - +0 flail
rCold    . . .     Faith    .   c - +0 kite shield
rNeg     . . .     Spirit   .   b - +0 scale mail
rPois    +         Reflect  .   (helmet restricted)
rElec    .         Harm     .   (no cloak)
rCorr    .         Rampage  .   (no gloves)
Will     .....                  (no boots)
Stlth    ..........             (no amulet)
HPRegen  0.15/turn              p - ring of poison resistance
MPRegen  0.09/turn              f - +6 ring of intelligence

@: no status effects
A: horns 2, retaliatory headbutt
a: no special abilities


You were on level 3 of the Dungeon.
You visited 1 branch of the dungeon, and saw 3 of its levels.

You collected 84 gold pieces.

Inventory:

Hand Weapons
 a - a +0 flail (weapon)
Armour
 b - a +0 scale mail (worn)
 c - a +0 kite shield (worn)
Jewellery
 f - a +6 ring of intelligence (right hand)
 o - a ring of flight
 p - a ring of poison resistance (left hand)
Scrolls
 e - a scroll of identify {unknown}
 g - 2 scrolls of teleportation {unknown}
 h - a scroll of magic mapping {unknown}
 i - 2 scrolls of enchant weapon {unknown}
 m - a scroll of fog {unknown}
Potions
 d - a potion of might
 j - a potion of curing {unknown}
 k - a potion of brilliance {unknown}
 l - a potion of cancellation {unknown}
 n - a potion of invisibility {unknown}
 q - a potion of lignification {unknown}


   Skills:
 + Level 4.8 Fighting
 + Level 3.9 Maces & Flails
 + Level 5.1 Armour
 + Level 1.1 Dodging
 + Level 0.3 Stealth
 + Level 4.9 Shields


You had 4 spell levels left.
You didn't know any spells.
Your spell library contained the following spells:

 Spells                   Type           Power      Damage    Failure   Level
 Dazzling Flash           Conj/Hex       0%         N/A       100%        3
 Agony                    Necr           0%         N/A       100%        5
 Silence                  Hex/Air        0%         N/A       100%        5


Dungeon Overview and Level Annotations

Branches:
Dungeon (3/15)

Altars:
Makhleb
Sif Muna

Shops:
D:1 !


Innate Abilities, Weirdness & Mutations

You have a pair of horns on your head.
You reflexively headbutt those who attack you in melee.


Message History

You closely miss Jessica. You headbutt Jessica.
You kill Jessica!
Your Armour skill increases to level 5!
Things that are here:
a +5 club; a +0 robe An orc and an orc priest come into view.
The orc shouts!
You hear a shout!
An orc comes into view. It is wielding a +0 dagger.
An orc comes into view. It is wielding a +0 mace.
The orc priest moves out of view.
The orc shouts!
You feel yourself speed up.
You hit the orc but do no damage. You headbutt the orc.
You kill the orc!
You barely miss the orc. The orc hits you but does no damage.
You sock the orc!
You kill the orc!
The orc priest looks satisfied for a moment.
The orc hits you with a +0 short sword.
Your Dodging skill increases to level 1!
You thump the orc!
You kill the orc!
The orc priest invokes the aid of Beogh against you.
Beogh smites you!
Items here: ))) [[ †.
You hit the orc priest. You headbutt the orc priest.
The orc priest is severely wounded.
The orc priest barely misses you. You furiously retaliate!
You headbutt the orc priest.
You kill the orc priest!
An orc comes into view.
It is wielding a +1 whip of electrocution.
The orc shouts!
Things that are here:
a +0 hand axe; a +0 leather armour; an orc corpse
Items here: ))) [[ †.
You start resting.
An orc is nearby!
The orc hits you with a +1 whip of electrocution.
You are electrocuted!
You die...

+# #.###
...##...##
.8....8..#
#
...##..o.#
# #######
#o##@# #
#.....#
o.# #)# #
#.#####.oo
#.# #
##.## #.8
#.#
###...# #.
##.#
....#.# ##
#).#
###...#
####.## #
#####
#....#
###.####


You could see an orc.

Vanquished Creatures
  An orc priest (D:3)
  Jessica (D:3)
  Natasha (thrice) (D:3)
  Robin (D:3)
  An adder (D:3)
  A worm (D:3)
  3 orcs (D:3)
  6 ball pythons
  7 endoplasms
  A giant cockroach (D:1)
  14 hobgoblins
  4 jackals (D:1)
  7 bats
  A frilled lizard (D:3)
  11 goblins
  5 kobolds
  4 rats
71 creatures vanquished.

Vanquished Creatures (others)
  2 demonic plants (D:3)
  2 plants (D:3)
4 creatures vanquished.

Grand Total: 75 creatures vanquished

Notes
Turn   | Place    | Note
-------+----------+-------------------------------------------
     0 | D:1      | zdrol the Minotaur Fighter began the quest for the Orb.
     0 | D:1      | Reached XP level 1. HP: 19/19 MP: 0/0
   425 | D:1      | Reached XP level 2. HP: 21/27 MP: 1/1
   807 | D:1      | Found Jinoofil's Distillery.
   853 | D:1      | Reached skill level 4 in Armour
   957 | D:1      | Reached XP level 3. HP: 33/33 MP: 2/2
  2314 | D:3      | Noticed Natasha
  2320 | D:3      | Killed Natasha
  2321 | D:3      | Reached XP level 4. HP: 34/41 MP: 3/3
  2370 | D:3      | Noticed Natasha
  2372 | D:3      | Found a burning altar of Makhleb.
  2381 | D:3      | Killed Natasha
  2386 | D:3      | Noticed Natasha
  2405 | D:3      | Killed Natasha
  2650 | D:3      | Reached XP level 5. HP: 44/47 MP: 4/4
  2722 | D:3      | Noticed Robin
  2724 | D:3      | Found a shimmering blue altar of Sif Muna.
  2733 | D:3      | Killed Robin
  2967 | D:3      | Noticed Jessica
  2973 | D:3      | Killed Jessica
  2974 | D:3      | Reached skill level 5 in Armour
  2991 | D:3      | Reached skill level 1 in Dodging
  2998 | D:3      | Slain by an orc

Illustrated notes

Levels and vault maps discovered:
D:1:      minmay_arrival_widening_spiral_narrow, layout_basic, serial_shops,
          shop
D:2:      layout_basic
D:3:      layout_loops_cross, mainiacjoe_overflow_alcove_4,
          mainiacjoe_overflow_chevrons, shapermc_ecumenical_altar_gd,
          grunt_ministairs_4, uniq_natasha, uniq_robin, uniq_jessica

Skill      XL: |  1  2  3  4  5 |
---------------+----------------+-----
Shields        | 4 |  4.9
Fighting       | 4 |  4.8
Armour         | 4 5 |  5.1
Maces & Flails | 3 |  3.9
Dodging        | 1 |  1.1
Stealth        | |  0.3

Action                   |  1- 3 |  4- 6 || total
-------------------------+-------+-------++-------
Melee: Flail             |    94 |    57 ||   151
       Headbutt          |     9 |    16 ||    25
Armor: Scale mail        |    67 |    25 ||    92
Dodge: Dodged            |    58 |    19 ||    77
Block: Kite shield       |    61 |    33 ||    94
